 Dungeon Crawl Stone Soup version 0.27-a0-1065-ge809cff456 (webtiles) character file.

Game seed: 10150444051809013187

559 Froggeryz the Chopper (level 7, -3/52 HPs)
             Began as a Formicid Fighter on Apr 23, 2021.
             Slain by an ogre
             ... wielding a +0 giant spiked club
              (20 damage)
             ... on level 5 of the Dungeon.
             The game lasted 00:05:05 (4171 turns).

Froggeryz the Chopper (Formicid Fighter)            Turns: 4171, Time: 00:05:06

Health: -3/52      AC:  8    Str: 23    XL:     7   Next: 57%
Magic:  7/7        EV:  9    Int: 13    God:
Gold:   331        SH: 11    Dex: 10    Spells: 6/6 levels left

rFire    . . .     SeeInvis +   a - +1 war axe
rCold    . . .     Faith    .   c - +1 kite shield
rNeg     . . .     Spirit   .   b - +0 scale mail
rPois    .         Reflect  .   (helmet unavailable)
rElec    .         Harm     .   (no cloak)
rCorr    .         Rampage  .   (no gloves)
Will     .....                  m - +0 pair of boots
Stlth    ..........             f - amulet of regeneration
HPRegen  1.17/turn              p - +6 ring of intelligence
MPRegen  0.10/turn              (no ring)

@: no status effects
A: permanent stasis, dig shafts and tunnels, antennae 3, four strong arms
a: Dig, Shaft Self


You were on level 5 of the Dungeon.
You visited 1 branch of the dungeon, and saw 5 of its levels.

You collected 331 gold pieces.

Inventory:

Hand Weapons
 a - a +1 war axe (weapon)
Missiles
 r - 15 poisoned darts (quivered)
Armour
 b - a +0 scale mail (worn)
 c - a +1 kite shield (worn)
 m - a +0 pair of boots (worn)
Jewellery
 f - an amulet of regeneration (around neck)
 o - a ring of fire
 p - a +6 ring of intelligence (left hand)
Scrolls
 g - a scroll of noise {unknown}
 i - a scroll of identify
 j - a scroll of enchant weapon
 q - a scroll of fear {unknown}
Potions
 d - 2 potions of might
 e - 2 potions of curing
 h - a potion of mutation
 k - a potion of brilliance {unknown}
 l - a potion of flight
 n - a potion of attraction {unknown}


   Skills:
 - Level 3.2 Fighting
 * Level 6.5 Axes
 - Level 3.2 Armour
 + Level 6.3 Shields


You had 6 spell levels left.
You didn't know any spells.
Your spell library was empty.

Dungeon Overview and Level Annotations

Branches:
Dungeon (5/15)
 Temple: D:4-7

Altars:
Ashenzari
Dithmenos
Elyvilon
Fedhas
Hepliaklqana
Kikubaaqudgha
Makhleb
Sif Muna
Uskayaw
Vehumet
Xom
Zin


Innate Abilities, Weirdness & Mutations

You cannot be hasted, slowed, berserked, paralysed or teleported.
You can dig through walls and to a lower floor.
You have a pair of large antennae on your head. (SInv)
Your four strong arms can wield two-handed weapons with a shield.


Message History

The centaur kicks you but does no damage.
You block the centaur's attack. The centaur closely misses you.
You slash the centaur!
The centaur is severely wounded.
The centaur hits you but does no damage.
You block the centaur's attack. x2; The centaur closely misses you.
You hit the centaur.
The centaur is almost dead.
You block the centaur's attack. x2; The centaur barely misses you.
The centaur kicks you but does no damage.
You closely miss the centaur.
The centaur is almost dead.
The centaur barely misses you. x2
The centaur hits you but does no damage.
You block the centaur's attack.
You hit the centaur.
You kill the centaur!
The ogre hits you with a +0 giant spiked club!!
Ouch! That really hurt!
Okay, then.
Okay, then.
You aren't carrying any items that you can evoke.
Okay, then.
Unknown command.
You slash the ogre!
The ogre is moderately wounded.
You block the ogre's attack.
You barely miss the ogre.
The ogre is moderately wounded.
You slash the ogre!
The ogre is severely wounded.
The ogre closely misses you.
You closely miss the ogre.
The ogre is severely wounded.
The ogre hits you with a +0 giant spiked club!
* * * LOW HITPOINT WARNING * * *
You hit the ogre.
The ogre is severely wounded.
The ogre hits you with a +0 giant spiked club!!
You die...

..............# ...
.#.###.######.# .. ...# #.# #.#
#.##. #. ...# #.# ##.## .... .
..## #.# ##...## ####.# ##
.#####.# ##.....###.......#
.......###.......##.##.##.#
.########........O..##.##.# '##
##.....>@##.##.##.# # ..##
##.....###..c..#.# ## ...##
##....## #.###c#.# ##c ....##
##..#.## #.# #...# ##..
.....####.....#####.###..c####...
.....'.......................'...
.....####..[#.######........##...
....## #...#.# #.##...#.###..
...## #.....# #.####.#.# ##.


You could see an ogre.

Vanquished Creatures
  2 black bears
  A centaur (D:5)
  A water moccasin zombie (D:5)
  A bullfrog zombie (D:5)
  A hound (D:5)
  An orc wizard (D:5)
  6 adders
  4 worms
  A dart slug (D:5)
  13 orcs
  10 ball pythons
  3 bats
  7 endoplasms
  3 giant cockroaches
  10 goblins
  5 hobgoblins
  5 jackals (D:1)
  2 quokkas (D:2)
  3 frilled lizards (D:2)
  3 kobolds
  2 rats
84 creatures vanquished.

Notes
Turn   | Place    | Note
-------+----------+-------------------------------------------
     0 | D:1      | Froggeryz the Formicid Fighter began the quest for the Orb.
     0 | D:1      | Reached XP level 1. HP: 18/18 MP: 1/1
    35 | D:1      | You fall into a shaft and drop 1 floor!
   246 | D:2      | Noticed a black bear
   269 | D:2      | Killed a black bear
   270 | D:2      | Reached XP level 2. HP: 9/24 MP: 2/2
   270 | D:2      | Reached XP level 3. HP: 11/29 MP: 3/3
   270 | D:2      | Reached XP level 4. HP: 13/35 MP: 4/4
   548 | D:1      | Reached XP level 5. HP: 41/41 MP: 5/5
  1677 | D:2      | Found a burning altar of Makhleb.
  1911 | D:2      | Found a faded altar of an unknown god.
  2058 | D:3      | Reached skill level 5 in Shields
  2117 | D:3      | Found a shimmering blue altar of Sif Muna.
  2117 | D:3      | Found a white marble altar of Elyvilon.
  2296 | D:3      | You fall into a shaft and drop 1 floor!
  2297 | D:4      | Found a broken altar of Ashenzari.
  2305 | D:4      | Identified the +3 leather armour of Sagoojav {rF+ Str+5
                  | Int-2 Dex+2}
  3011 | D:4      | Reached XP level 6. HP: 37/47 MP: 6/6
  3021 | D:4      | Found an ancient bone altar of Kikubaaqudgha.
  3037 | D:4      | Found a shadowy altar of Dithmenos.
  3156 | D:4      | Found a hide-covered altar of Uskayaw.
  3159 | D:4      | Found a blossoming altar of Fedhas.
  3263 | D:4      | Found a hazy altar of Hepliaklqana.
  3342 | D:4      | Noticed a black bear
  3352 | D:4      | Killed a black bear
  3353 | D:4      | Reached skill level 5 in Axes
  3442 | D:4      | Identified a scroll of acquirement
  3442 | D:4      | Acquired an amulet of regeneration
  3471 | D:4      | Found a shimmering altar of Xom.
  3541 | D:5      | Entered Level 5 of the Dungeon
  3802 | D:5      | Reached XP level 7. HP: 52/52 MP: 7/7
  3904 | D:5      | Found a glowing silver altar of Zin.
  3917 | D:5      | Found a radiant altar of Vehumet.
  4171 | D:5      | Slain by an ogre

Illustrated notes

Levels and vault maps discovered:
D:1:      minmay_arrival_open_corners, layout_basic
D:2:      layout_basic, basic_altar, hellmonk_ecumenical_altar_inner_sanctum
D:3:      layout_basic, gammafunk_temple_overflow_elements
D:4:      layout_gridville, kennysheep_little_box,
          nicolae_overflow_crystal_walls, grunt_temple_overflow_open,
          evilmike_ruin_ashenzari
D:5:      layout_loops_corners, jmf_multi_god_temple

Skill      XL: |  1  2  3  4  5  6  7 |
---------------+----------------------+-----
Axes           | 4 5 6 |  6.5
Shields        | 4 5 6 |  6.3
Fighting       | |  3.2
Armour         | |  3.2

Action                   |  1- 3 |  4- 6 |  7- 9 || total
-------------------------+-------+-------+-------++-------
Melee: War axe           |    25 |   200 |    36 ||   261
Throw: Dart              |       |     4 |       ||     4
 Abil: Dig               |     2 |     1 |     2 ||     5
       Shaft Self        |     1 |       |       ||     1
  Use: Scroll            |       |    10 |       ||    10
Armor: Scale mail        |    27 |    76 |    15 ||   118
Dodge: Dodged            |    18 |    57 |    13 ||    88
Block: Kite shield       |    21 |   135 |    33 ||   189

Table legend: (Time is in decaauts)
 A = Elapsed time spent in this place.
 B = Non-inter-level travel time spent in this place.
 C = Inter-level travel time spent in this place.
 D = Time resting spent in this place.
 E = Time spent auto-exploring this place.
 F = Levels seen in this place.
 G = Mean time per level.
                   A        B        C        D        E       F      G
               +--------+--------+--------+--------+--------+-----+--------+
         Total |   4279 |   4085 |    194 |    447 |   2882 |   5 |  855.8 |
       Dungeon |   4279 |   4085 |    194 |    447 |   2882 |   5 |  855.8 |
               +--------+--------+--------+--------+--------+-----+--------+

Top non-repeatable levels by time:
     D:2: 1315 daAuts
     D:3: 833 daAuts
     D:1: 789 daAuts
     D:4: 762 daAuts
     D:5: 579 daAuts
